 Dungeon Crawl Stone Soup version 0.20.1-1-g8b1a95d (webtiles) character file.

2076 vomix the Cleaver (level 9, -3/70 HPs)
             Began as a Minotaur Berserker on Sept 3, 2017.
             Was a High Priest of Trog.
             Killed from afar by an electric eel (11 damage)
             ... with a bolt of electricity
             ... on level 6 of the Dungeon.
             The game lasted 00:11:58 (5155 turns).

vomix the Cleaver (Minotaur Berserker)              Turns: 5155, Time: 00:12:00

Health: -3/70      AC:  9    Str: 21    XL:     9   Next: 6%
Magic:  8/8        EV:  8    Int:  4    God:    Trog [*****.]
Gold:   305        SH:  0    Dex: 14    Spells: 8/8 levels left

rFire    . . .     SeeInvis .   d - +0 war axe
rCold    + . .     Gourm    .   (no shield)
rNeg     . . .     Faith    .   q - +0 chain mail
rPois    .         Spirit   .   (helmet restricted)
rElec    .         Reflect  .   v - +0 cloak
rCorr    +         Harm     .   (no gloves)
MR       .....                  (no boots)
Stlth    ..........             (no amulet)
Regen    0.3/turn               k - ring of resist corrosion
MPRegen  0.2/turn               l - ring of protection from cold

@: berserk cooldown, very slightly contaminated, slowed, very slow
A: retaliatory headbutt, horns 2
a: Berserk, Trog's Hand, Brothers in Arms, Burn Spellbooks, Renounce Religion


You were on level 6 of the Dungeon.
You worshipped Trog.
Trog was extremely pleased with you.
You were very hungry.

You visited 2 branches of the dungeon, and saw 7 of its levels.
You also visited: Sewer.

You collected 305 gold pieces.

Inventory:

Hand Weapons
 d - a +0 war axe (weapon)
Missiles
 n - 2 throwing nets (quivered)
 y - 5 needles of sleeping
Armour
 q - a +0 chain mail (worn)
 v - a +0 cloak (worn)
Jewellery
 k - a ring of resist corrosion (left hand)
 l - a ring of protection from cold (right hand)
Scrolls
 e - 2 scrolls of magic mapping
 g - 2 scrolls of recharging
 j - 8 scrolls of remove curse
 o - a scroll of immolation {unknown}
 r - a scroll of random uselessness {unknown}
 w - 4 scrolls of blinking
Potions
 b - a potion of agility {unknown}
 f - a potion of lignification {unknown}
 h - 2 potions of brilliance {unknown}
 i - 4 potions of heal wounds
 m - 2 potions of might {unknown}
 p - a potion of curing {unknown}
 t - a potion of mutation {unknown}
 x - 2 potions of ambrosia {unknown}
 z - a potion of degeneration {unknown}
 A - a potion of invisibility {unknown}
Comestibles
 c - 5 bread rations
 s - 2 meat rations
 B - 12 chunks of flesh


   Skills:
 - Level 3.6 Fighting
 + Level 14.0 Axes
 - Level 2.4 Armour
 - Level 2.1 Dodging


You had 8 spell levels left.
You didn't know any spells.

Dungeon Overview and Level Annotations

Branches:
Dungeon (6/15)             Temple (1/1) D:4

Altars:
Ashenzari
Cheibriados
Dithmenos
Elyvilon
Fedhas
Gozag
Hepliaklqana
Kikubaaqudgha
Makhleb
Nemelex Xobeh
Okawaru
Qazlal
Ru
Sif Muna
Trog
Uskayaw
Vehumet
Xom
Yredelemnul
Zin
The Shining One


Innate Abilities, Weirdness & Mutations

You reflexively headbutt those who attack you in melee.
You have a pair of horns on your head.


Message History

The bolt of electricity hits you!
The electric eel shoots out a bolt of lightning at you!
The bolt of electricity hits you!
A dart slug comes into view.
The dart slug launches a dart at you. The slug dart hits you!
You hit the electric eel. Your headbutt misses the electric eel.
The electric eel is moderately wounded.
The electric eel shoots out a bolt of lightning at you!
The bolt of electricity hits you!
* * * LOW HITPOINT WARNING * * *
The bolt of electricity hits you!
* * * LOW HITPOINT WARNING * * *
The bolt of electricity hits the electric eel.
The electric eel completely resists.
The electric eel shoots out a bolt of lightning at you!
The bolt of electricity hits you!
* * * LOW HITPOINT WARNING * * *
The bolt of electricity hits you!
You die...

...................#
#.................##
#................... .
#................... ..
##....<.........#.##≈w.
###...........###.≈≈#
###.........##≈≈≈#≈
#.........#≈≈# ≈#
#.#....#.#@≈≈#≈≈≈
#.#.####.#;#≈≈≈≈# #)#.#
##.≈≈≈≈≈≈≈≈≈ #.#..
#..≈≈≈≈.≈≈.8 #.
#...≈≈.....<
#..≈≈≈?.$≈.)
#..≈≈≈≈≈≈#≈≈
#..##≈≈≈≈≈≈ #..# ≈≈≈≈≈≈


You could see an electric eel and a dart slug.

Vanquished Creatures
  A two-headed ogre (D:4)
  A phantom (D:4)
  2 ogres (D:4)
  The ghost of Agrougrou the Magician, an amateur DEWz (D:3)
  4 bullfrogs
  An electric eel (D:6)
  A crimson imp (D:5)
  A hound (D:4)
  An orc priest (D:4)
  A jelly (D:5)
  4 orc wizards
  A centaur skeleton (D:4)
  Jessica (D:3)
  An iguana (D:4)
  Terence (D:2)
  3 worker ants
  Robin (D:2)
  8 gnolls
  10 adders
  12 oozes
  3 worms
  A dart slug (D:6)
  21 leopard geckos
  13 orcs
  15 giant cockroaches
  19 goblins
  9 hobgoblins
  6 jackals
  3 quokkas (D:3)
  14 ball pythons
  8 bats
  17 frilled lizards
  A jackal skeleton (D:4)
  6 kobolds
  A leopard gecko skeleton (D:3)
  A quokka skeleton (D:5)
  7 rats
201 creatures vanquished.

Notes
Turn   | Place    | Note
-------+----------+-------------------------------------------
     0 | D:1      | vomix the Minotaur Berserker began the quest for the Orb.
     0 | D:1      | Reached XP level 1. HP: 19/19 MP: 0/0
    80 | D:1      | Reached skill level 4 in Axes
   442 | D:1      | Reached XP level 2. HP: 6/26 MP: 1/1
  1035 | D:1      | Reached skill level 5 in Axes
  1211 | D:2      | Noticed Robin
  1214 | D:2      | Reached XP level 3. HP: 30/31 MP: 2/2
  1220 | D:2      | Killed Robin
  1223 | D:2      | Reached ** piety under Trog
  1349 | D:2      | Found an ancient bone altar of Kikubaaqudgha.
  1349 | D:2      | Found a faded altar of an unknown god.
  1354 | D:2      | Found an iron altar of Okawaru.
  1356 | D:2      | Found a shimmering altar of Xom.
  1358 | D:2      | Found a faded altar of an unknown god.
  1432 | D:2      | Noticed Terence
  1437 | D:2      | Killed Terence
  1437 | D:2      | Reached skill level 6 in Axes
  1437 | D:2      | Reached XP level 4. HP: 39/39 MP: 3/3
  1754 | D:2      | Reached skill level 7 in Axes
  1754 | D:2      | Reached XP level 5. HP: 45/45 MP: 4/4
  2119 | D:3      | Noticed Jessica
  2123 | D:3      | Noticed Agrougrou's ghost (amateur DEWz)
  2123 | D:3      | Killed Jessica
  2139 | D:3      | Killed Agrougrou's ghost
  2139 | D:3      | Reached skill level 8 in Axes
  2139 | D:3      | Reached XP level 6. HP: 38/51 MP: 5/5
  2230 | D:3      | Found a burning altar of Makhleb.
  2358 | D:3      | Reached *** piety under Trog
  2696 | D:4      | Reached skill level 9 in Axes
  2980 | D:4      | Found a staircase to the Ecumenical Temple.
  2990 | Temple   | Entered the Ecumenical Temple
  3245 | D:4      | Noticed a two-headed ogre
  3250 | D:4      | Killed a two-headed ogre
  3250 | D:4      | Reached skill level 11 in Axes
  3250 | D:4      | Reached XP level 7. HP: 11/57 MP: 6/6
  3250 | D:4      | Reached XP level 8. HP: 13/64 MP: 7/7
  3522 | D:4      | Reached skill level 12 in Axes
  3556 | D:4      | Found a stormy altar of Qazlal.
  3939 | D:5      | Entered Level 5 of the Dungeon
  3998 | D:5      | Reached **** piety under Trog
  4160 | D:5      | Found a bloodstained altar of Trog.
  4160 | D:5      | Found a sacrificial altar of Ru.
  4292 | D:5      | Reached skill level 13 in Axes
  4349 | D:5      | Found a glowing drain.
  4371 | Sewer    | Entered a sewer
  4716 | Sewer    | Reached ***** piety under Trog
  4741 | Sewer    | Received a gift from Trog
  5093 | D:6      | Reached XP level 9. HP: 70/70 MP: 8/8
  5149 | D:6      | Reached skill level 14 in Axes
  5155 | D:6      | Killed from afar by an electric eel

Skill      XL: |  1  2  3  4  5  6  7  8  9 |
---------------+----------------------------+-----
Axes           | 4 5 6 7 8 11 13 14 | 14.0
Fighting       | |  3.6
Armour         | |  2.4
Dodging        | |  2.1

Action                   |  1- 3 |  4- 6 |  7- 9 || total
-------------------------+-------+-------+-------++-------
Melee: Hand axe          |    80 |   125 |   278 ||   483
       Headbutt          |    13 |    23 |    47 ||    83
       War axe           |       |       |     3 ||     3
Invok: Berserk           |     2 |     5 |     4 ||    11
       Trog's Hand       |       |     1 |       ||     1
       Burn Spellbooks   |       |       |     1 ||     1
  Use: Scroll            |       |       |     8 ||     8
       Potion            |       |       |     1 ||     1
 Stab: Distracted        |       |       |     1 ||     1
  Eat: Chunk             |     2 |    12 |     8 ||    22
       Royal jelly       |       |       |     1 ||     1
Armor: Animal skin       |    11 |       |       ||    11
       Scale mail        |       |    22 |       ||    22
       Chain mail        |       |    41 |   109 ||   150
Dodge: Dodged            |    45 |    64 |   111 ||   220
